Map: Capullo de rosa EE

Players

TATORREA

  • Race: Protoss Protoss
  • League: Silver
  • Spawn Location: 11:00

MrFercho

  • Race: Zerg Zerg
  • League: Silver
  • Spawn Location: 11:00

tigro

  • Race: Terran Terran
  • League: Bronze
  • Spawn Location: 11:00

JOSELLO

  • Race: Terran Terran
  • League: Gold
  • Spawn Location: 5:00

Kikex

  • Race: Protoss Protoss
  • Spawn Location: 5:00

Mario

  • Race: Terran Terran
  • League: Gold
  • Spawn Location: 5:00

VOD

Have the link to the VOD?

Description

Time

  • Played on: May 18, 2020, 8:59 p.m.
  • Length: 9:28
Show
View Real Time Build Order
Export as new Build Order

TATORREA Protoss 

Build Orders:  

Get SALT Encoding   

  12  0:01  Probe  
  13  0:24  Probe  
  14  0:36  Probe  
  14  0:38  Pylon  
  15  0:56  Probe  
  16  1:08  Probe  
  17  1:20  Probe  
  17  1:22  Assimilator  
  18  1:25  Gateway  
  18  1:28  Gateway  
  18  1:32  Probe  
  19  1:43  Pylon  
  19  1:44  Probe  
  19  1:46  Pylon  
  20  1:53  Assimilator  
  20  1:56  Probe  
  21  2:08  Probe  
  22  2:22  Cybernetics Core  
  22  2:25  Forge  
  22  2:27  Pylon  
  22  2:30  Probe  
  22  2:31  Pylon  
  23  2:43  Zealot x2  
  27  2:53  Gateway  
  27  2:55  Gateway  
  27  3:16  Warp Gate  
  27  3:17  Protoss Ground Weapons Level 1  
  27  3:31  Nexus  
  27  3:44  Stalker  
  29  3:48  Stalker  
  31  3:57  Stalker  
  33  4:04  Stalker  
  35  4:12  Probe  
  36  4:30  Stargate  
  36  4:32  Probe  
  36  4:33  Robotics Facility  
  37  4:38  Zealot  
  37  4:44  Zealot  
  41  4:48  Probe  
  41  4:50  Probe  
  41  5:06  Stalker  
  43  5:07  Stalker  
  43  5:10  Probe  
  44  5:22  Probe  
  43  5:43  Void Ray  
  43  5:46  Immortal  
  38  6:44  Immortal  
  38  6:45  Void Ray  
  34  7:00  Pylon  
  34  7:03  Pylon  
  34  7:05  Stalker x2  
  33  7:41  Photon Cannon  
  33  7:42  Photon Cannon  
  33  7:43  Photon Cannon  
Show
View Real Time Build Order
Export as new Build Order

MrFercho Zerg 

Build Orders: Hatch First 

Get SALT Encoding   

  12  0:02  Drone  
  13  0:11  Drone  
  14  0:18  Overlord  
  14  0:36  Drone x2  
  16  1:00  Hatchery  
  15  1:12  Spawning Pool, Drone  
  15  1:16  Extractor, Drone  
  15  1:19  Drone  
  15  1:23  Drone  
  17  1:33  Drone  
  18  1:56  Drone x2  
  20  2:05  Extractor  
  20  2:06  Drone  
  20  2:20  Drone  
  21  2:24  Drone x2  
  21  2:27  Drone  
  21  2:28  Metabolic Boost  
  24  2:31  Queen  
  26  2:43  Roach Warren, Drone  
  26  2:48  Drone x2  
  28  3:00  Hatchery  
  28  3:02  Drone  
  28  3:09  Overlord  
  28  3:12  Overlord  
  28  3:26  Lair  
  28  3:28  Drone x3  
  31  3:35  Drone x2  
  33  3:44  Drone  
  34  3:49  Drone  
  34  3:50  Drone x3  
  34  3:51  Drone  
  39  3:59  Queen  
  41  4:27  Spire  
  41  4:30  Zergling x2  
  41  4:31  Zergling x10  
  40  6:14  Mutalisk  
  40  6:18  Overlord  
  42  6:25  Overlord x2  
  42  6:31  Extractor x2, Drone  
  42  6:32  Drone  
  42  6:39  Mutalisk  
  42  6:40  Mutalisk x2  
  42  7:39  Corruptor  
  42  7:40  Corruptor x3  
  50  7:47  Overseer  
  50  7:49  Overseer  
  50  7:57  Drone x3  
  51  8:19  Mutalisk  
  51  8:20  Mutalisk x2  
  57  8:29  Drone x3  
  60  8:42  Drone x2  
  62  8:55  Spine Crawler  
  61  8:57  Spine Crawler x2  
  61  9:01  Spine Crawler  
  58  9:02  Spine Crawler  
  58  9:05  Spine Crawler  
  58  9:09  Spire  
  55  9:14  Overseer  
Show
View Real Time Build Order
Export as new Build Order

tigro Terran 

Build Orders:  

Get SALT Encoding   

  12  0:03  SCV  
  13  0:15  SCV  
  14  0:22  Supply Depot  
  14  0:27  SCV  
  15  0:32  Refinery  
  15  0:44  SCV  
  16  0:54  Barracks  
  16  1:04  SCV  
  17  1:16  SCV  
  17  1:18  Refinery  
  18  1:25  Supply Depot  
  18  1:28  SCV  
  19  1:40  SCV  
  19  1:43  Marine  
  21  1:52  SCV  
  22  2:01  Marine  
  22  2:05  Barracks, SCV  
  24  2:17  SCV  
  24  2:19  Marine  
  26  2:31  SCV  
  26  2:37  Marine  
  27  2:40  Engineering Bay  
  28  2:44  Orbital Command  
  28  2:54  Barracks Tech Lab, Marine  
  29  3:13  Command Center  
  29  3:25  Marauder  
  29  3:26  Combat Shield  
  31  3:28  Barracks Tech Lab  
  31  3:43  Factory  
  31  3:48  Terran Infantry Weapons Level 1  
  31  3:50  Stimpack  
  33  3:55  Marauder  
  33  3:59  Marine  
  36  4:17  Marauder  
  36  4:26  Refinery  
  36  4:33  Factory Tech Lab  
  36  4:43  Orbital Command  
  36  4:45  Armory, Concussive Shells  
  36  4:53  Refinery  
  36  5:08  Marine  
  36  5:13  Marine  
  38  5:25  Marine  
  39  5:31  Marine  
  36  5:43  Marine  
  36  5:49  Marine  
  30  5:55  Siege Tank  
  33  6:01  Marine  
  33  6:07  Marine  
  32  6:19  Marine  
  32  6:24  Marine  
  33  6:27  Siege Tank  
  34  6:37  Marine  
  35  6:43  Marauder  
  36  6:55  Marine  
  36  6:59  Siege Tank  
  40  7:04  Marauder  
  38  7:12  Marine  
  37  7:25  Marine  
  38  7:31  Marauder  
  37  7:43  Marauder  
  23  7:52  Marine, Missile Turret  
  23  7:53  Thor  
  26  8:05  Marauder  
  22  8:09  Marine  
  20  8:26  Marauder  
  19  8:27  Marine  
  20  8:36  Thor  
  26  8:42  SCV  
  26  8:45  Marine  
  26  8:47  Marine  
  29  8:54  SCV  
  30  9:03  Marine  
  30  9:05  Marine  
  30  9:06  SCV  
Show
View Real Time Build Order
Export as new Build Order

JOSELLO Terran 

Build Orders: 2 Factory 

Get SALT Encoding   

  12  0:01  SCV  
  13  0:13  SCV  
  14  0:25  SCV  
  14  0:26  Supply Depot  
  15  0:32  Refinery  
  15  0:47  SCV  
  16  0:50  Barracks  
  16  1:00  SCV  
  17  1:07  Supply Depot  
  17  1:12  SCV  
  17  1:14  Refinery  
  18  1:24  SCV  
  19  1:36  SCV  
  20  1:40  Factory  
  20  1:47  Marine  
  20  1:48  SCV  
  22  2:00  SCV  
  23  2:08  Marine  
  23  2:12  SCV  
  25  2:25  Factory Tech Lab  
  25  2:26  Factory  
  25  2:34  Barracks  
  25  2:35  Marine  
  26  2:56  Orbital Command  
  26  2:59  Siege Tank  
  29  3:13  Barracks  
  29  3:18  Factory Tech Lab  
  29  3:23  Barracks Tech Lab  
  29  3:36  Barracks Reactor  
  29  3:47  Supply Depot  
  29  3:49  Combat Shield  
  29  3:54  Marine  
  30  4:09  Siege Tank  
  33  4:10  Barracks Reactor  
  33  4:13  Engineering Bay  
  33  4:16  Marine x2  
  33  4:17  Marine  
  36  4:34  Marine x2  
  36  4:38  Marine  
  39  4:50  Missile Turret  
  39  5:38  Supply Depot  
  39  5:43  Marine x3  
  39  5:48  Marine  
  39  5:49  Marine  
  38  6:01  Marine x3  
  41  6:06  Marine  
  41  6:07  Marine  
  43  6:15  Supply Depot  
  43  6:19  Marine x3  
  43  6:24  Marine  
  47  6:29  Marine  
  47  6:37  Marine, Siege Tank  
  41  7:11  Command Center  
  41  7:21  Siege Tank x2  
  31  8:15  Marine x5  
  35  8:30  SCV  
  35  8:32  Marine  
  35  8:33  Marine x4  
  41  8:40  Supply Depot  
  41  8:42  SCV  
  42  8:50  Marine  
  42  8:54  SCV  
  44  8:57  Starport  
  44  9:06  SCV  
Show
View Real Time Build Order
Export as new Build Order

Kikex Protoss 

Build Orders: Dark Templar Rush 

Get SALT Encoding   

  12  0:01  Probe  
  13  0:14  Probe  
  14  0:24  Pylon  
  14  0:27  Probe  
  15  0:33  Assimilator  
  15  0:42  Probe  
  16  0:47  Gateway  
  16  0:54  Probe (Chrono Boost)  
  18  1:04  Probe (Chrono Boost)  
  18  1:10  Pylon  
  18  1:22  Assimilator  
  18  1:25  Probe (Chrono Boost)  
  19  1:36  Probe (Chrono Boost)  
  19  1:39  Cybernetics Core  
  20  1:40  Probe (Chrono Boost)  
  21  1:51  Probe  
  22  2:03  Probe  
  23  2:17  Twilight Council  
  23  2:25  Forge  
  23  2:31  Gateway  
  23  2:48  Nexus  
  23  2:52  Pylon  
  23  2:59  Warp Gate  
  23  3:16  Dark Shrine  
  23  3:19  Pylon  
  23  3:24  Gateway  
  23  3:27  Gateway  
  23  3:34  Pylon  
  23  3:49  Robotics Facility  
  23  4:26  Gateway  
  23  4:33  Shadow Stride  
  23  4:39  Observer  
  23  4:43  Probe (Chrono Boost)  
  25  4:52  Probe (Chrono Boost)  
  26  4:54  Pylon  
  26  4:57  Probe (Chrono Boost)  
  27  5:01  Observer  
  28  5:09  Probe  
  29  5:19  Dark Templar x2  
  29  5:20  Dark Templar x2  
  29  5:21  Probe, Warp Prism  
  40  5:28  Pylon  
  40  5:33  Photon Cannon  
  40  5:43  Stalker  
  42  7:13  Dark Templar  
  42  7:14  Dark Templar x3  
  50  7:34  Stalker  
  48  8:31  Warp Prism  
Show
View Real Time Build Order
Export as new Build Order

Mario Terran 

Build Orders:  

Get SALT Encoding   

  12  0:01  SCV  
  13  0:13  SCV  
  14  0:20  Supply Depot  
  14  0:25  SCV  
  15  0:42  Refinery, SCV  
  16  0:43  Supply Depot  
  16  0:54  SCV  
  17  1:06  SCV  
  17  1:07  Barracks  
  18  1:18  SCV  
  19  1:21  Barracks  
  19  1:30  SCV  
  19  1:32  Refinery  
  20  1:42  SCV  
  21  1:58  Factory, SCV  
  22  2:10  Barracks Tech Lab, SCV  
  22  2:12  Engineering Bay  
  22  2:14  Marine  
  24  2:22  SCV  
  25  2:41  Supply Depot  
  25  2:48  Starport  
  25  2:52  Marine x2  
  25  2:54  Siege Tank  
  30  3:03  Supply Depot  
  30  3:07  Terran Infantry Weapons Level 1  
  30  3:13  SCV  
  30  3:17  Marine x2  
  33  3:29  Fusion Core  
  33  3:32  Starport Tech Lab  
  33  3:39  Supply Depot  
  33  4:28  Siege Tank  
  36  4:34  Command Center  
  36  4:38  Supply Depot  
  36  4:42  Armory  
  36  4:44  Marine x2  
  31  5:12  Marine x2  
  39  5:14  Battlecruiser  
  39  5:24  Missile Turret  
  39  5:30  Marine  
  39  5:31  Orbital Command  
  40  5:42  Refinery  
  40  6:09  SCV  
  41  6:13  SCV  
  41  6:18  Marine x2  
  44  6:21  SCV  
  44  6:25  SCV  
  46  6:33  SCV  
  46  6:35  Marine x2  
  46  6:37  SCV  
  50  6:45  SCV  
  51  6:49  SCV  
  51  6:52  Siege Tank  
  51  6:53  Marine  
  56  6:55  Marine  
  56  6:57  SCV  
  58  7:01  SCV  
  58  7:05  Refinery  
  59  7:09  SCV  
  59  7:11  Marine  
  59  7:13  Marine, SCV  
  63  7:22  SCV  
  64  7:26  SCV  
  65  7:34  SCV  
  66  7:38  SCV  
  66  7:44  Siege Tank  
  70  7:46  Marine x2, SCV  
  73  8:04  Marine x2  
  75  8:22  Marine x2  
  77  8:40  Marine  
  78  8:49  Starport  
  78  8:51  Starport  
  78  8:52  Starport  
  78  8:57  Missile Turret  
  78  9:13  Supply Depot  
  78  9:15  Supply Depot  
  78  9:16  Supply Depot  
  78  9:17  Missile Turret  
  78  9:27  Missile Turret  
Tags
 
Add a new tag
Caveats
  • Supply blocks, unpowered buildings, or Contaminate may cause inaccurate times.
  • Supply counts are checked every 10 seconds.